 Dungeon Crawl Stone Soup version 0.30-a0-21-g5d08c37080 (webtiles) character file.

Game seed: 14357356478820912991

14915 Ijustatesigmund the Epochal (level 12, -2/75 HPs)
             Began as a Gargoyle Earth Elementalist on Aug 24, 2022.
             Was an Elder of Cheibriados.
             Slain by a four-headed hydra (6 damage)
             ... on level 11 of the Dungeon.
             The game lasted 00:39:00 (16708 turns).

Ijustatesigmund the Epochal (GrEE)                 Turns: 16708, Time: 00:39:01

Health: -2/75      AC: 21    Str: 21    XL:     12   Next: 21%
Magic:  5/19       EV: 13    Int: 30    God:    Cheibriados [****..]
Gold:   599        SH:  7    Dex: 26    Spells: 10/21 levels left

rFire   + + .      SeeInvis .    A - +1 flail (protect)
rCold   . . .      Faith    .    k - +2 buckler
rNeg    + . .      Spirit   .    i - +4 ring mail "Fibrioc" {rF+ Regen+ Dex+7}
rPois   ∞          Reflect  .    (no helmet)
rElec   +          Harm     .    l - scarf {repulsion}
rCorr   .          Rampage  .    t - +1 pair of gloves
Will    .....                    (no boots)
Stlth   ++........               r - amulet of the acrobat
HPRegen 1.02/turn                c - ring of flight
MPRegen 0.16/turn                j - ring of protection from fire

@: mighty, flying, repel missiles, very slow
A: sickness immunity, AC +8, negative energy resistance 1, electricity
resistance, torment resistance 1, petrification resistance
a: Renounce Religion, Bend Time, Temporal Distortion, Slouch


You were on level 11 of the Dungeon.
You worshipped Cheibriados.
Cheibriados was greatly pleased with you.
You visited 2 branches of the dungeon, and saw 12 of its levels.
You also visited: Bailey.

You collected 599 gold pieces.

Inventory:

Hand Weapons
 d - a +0 whip of protection
 q - the +6 trident of the Fulmar {drain, rF++ SInv}
   (You took it off a kobold on level 3 of the Dungeon)

   A truly terrible weapon, it drains the life of any living foe it strikes.
   rF:        It greatly protects you from fire.
   SInv:      It lets you see invisible.
 A - a +1 flail of protection (weapon)
Missiles
 F - 2 throwing nets
Armour
 a - +2 acid dragon scales
 i - the +4 ring mail "Fibrioc" (worn) {rF+ Regen+ Dex+7}
   (You found it in a bailey)

   Dex:       It affects your dexterity (+7).
   rF:        It protects you from fire.
   Regen:     It increases your rate of health regeneration.
 k - a +2 buckler (worn)
 l - a scarf of repulsion (worn)
 t - a +1 pair of gloves (worn)
 y - a +2 cloak
Magical Staves
 z - a staff of earth
Jewellery
 c - a ring of flight (left hand)
 j - a ring of protection from fire (right hand)
 r - an amulet of the acrobat (around neck)
Wands
 g - a wand of flame (8)
 p - a wand of iceblast (8)
 C - a wand of paralysis (2)
Scrolls
 B - 5 scrolls of amnesia
 D - 3 scrolls of fog
Potions
 b - 4 potions of magic
 e - 3 potions of curing
 f - 4 potions of mutation
 h - a potion of resistance
 m - 6 potions of flight
 n - 2 potions of lignification
 o - 2 potions of berserk rage
 u - a potion of ambrosia
 w - 2 potions of attraction
 J - a potion of cancellation {unknown}


   Skills:
 + Level 8.4 Fighting
 - Level 7.0 Maces & Flails
 - Level 6.0 Armour
 - Level 3.0 Dodging
 - Level 2.1 Stealth
 + Level 1.2 Shields
 - Level 5.2 Spellcasting
 - Level 8.2 Conjurations
 + Level 0.8 Necromancy
 - Level 5.3 Transmutations
 - Level 8.3 Earth Magic
 + Level 8.6 Invocations


You had 10 spell levels left.
You knew the following spells:

 Your Spells              Type           Power      Damage    Failure   Level
a - Sandblast             Erth           100%       2d20      1%          1
b - Stone Arrow           Conj/Erth      100%       3d13      1%          3
c - Passwall              Tmut/Erth      40%        N/A       1%          2
d - Borgnjor's Vile Clut  Necr/Erth      17%        N/A       45%         5

Your spell library contained the following spells:

 Spells                   Type           Power      Damage    Failure   Level
 Magic Dart               Conj           100%       1d8       1%          1
 Petrify                  Tmut/Erth      48%        N/A       8%          4
 Necrotise                Necr           52%        1d6       9%          1
 Apportation              Tloc           14%        N/A       12%         1
 Summon Small Mammal      Summ           28%        N/A       12%         1
 Mephitic Cloud           Conj/Pois/Air  24%        N/A       12%         3
 Spider Form              Tmut/Pois      23%        N/A       12%         3
 Call Imp                 Summ           7%         N/A       19%         2
 Ensorcelled Hibernation  Hex/Ice        14%        N/A       19%         2
 Call Canine Familiar     Summ           7%         N/A       36%         3
 Summon Guardian Golem    Hex/Summ       7%         N/A       36%         3
 Animate Dead             Necr           13%        N/A       63%         4
 Anguish                  Hex/Necr       5%         N/A       69%         4
 Death Channel            Necr           6%         N/A       100%        6


Dungeon Overview and Level Annotations

Branches:
Dungeon (11/15)            Temple (1/1) D:6          Bailey (visited)
   Lair: D:8-11         Orc: D:9-12

Altars:
Cheibriados
Dithmenos
Elyvilon
Fedhas
Gozag
Hepliaklqana
Kikubaaqudgha
Makhleb
Nemelex Xobeh
Okawaru
Qazlal
Ru
Sif Muna
Trog
Vehumet
Wu Jian
Yredelemnul
Zin
The Shining One

Shops:
D:11 (


Innate Abilities, Weirdness & Mutations

You are immune to sickness and miasma.
Your stone body is resilient. (AC +8)
You are immune to poison.
You resist negative energy. (rN+)
You are resistant to electric shocks. (rElec)
You are resistant to unholy torment.
You are immune to petrification.


Message History

Activating: Slouch (4% risk of failure)
Press: ? - help, Dir - look around, f - activate You can feel time thicken for a moment.
You kill the acid dragon!
Cheibriados appreciates the change of pace.
You destroy the wraith!
Cheibriados appreciates the change of pace.
You can no longer step out of the flow of time.
Cheibriados lowers the support of your attributes as your movement quickens.
You block the troll's attack. The troll misses you. The troll claws you!
* * * LOW HITPOINT WARNING * * *
The four-headed hydra bites you but does no damage. x2
The four-headed hydra bites you.
* * * LOW HITPOINT WARNING * * *
The four-headed hydra bites you.
* * * LOW HITPOINT WARNING * * *
You feel better. You block the troll's attack. x3
The four-headed hydra bites you.
* * * LOW HITPOINT WARNING * * *
The four-headed hydra bites you but does no damage. x2
The four-headed hydra bites you!
* * * LOW HITPOINT WARNING * * *
Activating: Slouch (4% risk of failure)
Press: ? - help, Dir - look around, f - activate You can feel time thicken for a moment.
You kill the troll!
Cheibriados thoroughly appreciates the change of pace.
You kill the komodo dragon!
Cheibriados thoroughly appreciates the change of pace.
You kill the two-headed ogre!
Cheibriados appreciates the change of pace.
You kill the boulder beetle!
Cheibriados thoroughly appreciates the change of pace.
Cheibriados lowers the support of your attributes as your movement quickens.
A centaur comes into view. It is wielding a +0 shortbow.
The four-headed hydra bites you.
* * * LOW HITPOINT WARNING * * *
The four-headed hydra bites you but does no damage.
The four-headed hydra bites you.
You die...

#.#.# .#
#.#.# #B#
#D#.# #D#
#O#.# ##
#.#
#T#}#H#
#O# #T#y#
#.# #.#.#
#†###9#.#
#@###T#.#
##D#
#B#.#
##Y#
#.#.# #†#
#.#.# #c#
#.#B #.#
#. #.#
#.# #.


You could see a boulder beetle, a six-headed hydra, a four-headed hydra, a
two-headed ogre, a yak and a centaur.

Vanquished Creatures
  Josephine (D:10)
  A boulder beetle (D:11)
  3 two-headed ogres
  Pikel (D:7)
  A cyclops (shapeshifter) (D:8)
  A gargoyle (Bailey)
  Maggie (D:8)
  A komodo dragon (D:11)
  A tengu conjurer (D:11)
  3 trolls
  6 wraiths
  32 yaks
  2 vampires
  3 wyverns
  A vampire mosquito (D:11)
  A steam dragon (D:4)
  2 acid dragons
  2 water moccasins
  3 sky beasts
  An orc warrior (D:10)
  A black bear (D:6)
  An ogre (D:6)
  5 centaurs
  A lemure (D:7)
  7 bullfrogs
  A necrophage (D:5)
  3 kobold brigands
  2 gnoll sergeants
  A scorpion (D:5)
  7 killer bees
  5 howler monkeys
  7 vampire bats (Bailey)
  6 wolf zombies (Bailey)
  7 jellies
  4 hounds
  Crazy Yiuf (D:6)
  3 orc priests
  15 orc wizards
  2 iguanas
  Robin (D:1)
  19 gnolls
  12 adders
  19 orc zombies (Bailey)
  2 shadow imps
  2 white imps
  3 dart slugs
  39 orcs
  13 ball pythons
  6 bats
  9 endoplasms
  4 giant cockroaches
  18 goblins
  12 hobgoblins
  15 jackals
  15 kobolds
  3 quokkas
  2 frilled lizards (D:2)
  7 rats
347 creatures vanquished.

Notes
Turn   | Place    | Note
-------+----------+-------------------------------------------
     0 | D:1      | Ijustatesigmund the Gargoyle Earth Elementalist began the
                  | quest for the Orb.
     0 | D:1      | Reached XP level 1. HP: 10/10 MP: 3/3
   448 | D:1      | Reached XP level 2. HP: 15/16 MP: 0/5
   507 | D:1      | Reached skill level 1 in Fighting
  1004 | D:1      | Reached XP level 3. HP: 15/20 MP: 0/6
  1150 | D:1      | Learned a level 3 spell: Stone Arrow
  1153 | D:1      | Learned a level 2 spell: Passwall
  1842 | D:2      | Reached skill level 1 in Transmutations
  1887 | D:2      | Noticed Robin
  2074 | D:1      | Killed Robin
  2075 | D:1      | Reached skill level 1 in Conjurations
  2075 | D:1      | Reached XP level 4. HP: 15/26 MP: 0/7
  2708 | D:2      | Reached skill level 1 in Maces & Flails
  2894 | D:2      | Found a faded altar of an unknown god.
  3157 | D:2      | Reached XP level 5. HP: 30/30 MP: 9/9
  3564 | D:3      | Identified the +6 trident of the Fulmar {drain, rF++ SInv}
  3885 | D:3      | Reached XP level 6. HP: 7/36 MP: 2/10
  4818 | D:4      | Reached XP level 7. HP: 33/41 MP: 12/12
  5380 | D:4      | Noticed a steam dragon
  5384 | D:4      | Killed a steam dragon
  5562 | D:5      | Entered Level 5 of the Dungeon
  5949 | D:5      | Reached XP level 8. HP: 43/48 MP: 4/14
  7087 | D:6      | Noticed a yak
  7087 | D:6      | Noticed a yak
  7087 | D:6      | Noticed a yak
  7089 | D:6      | Noticed a yak
  7092 | D:5      | Killed a yak
  7488 | D:5      | Reached skill level 5 in Fighting
  7931 | D:6      | Killed a yak
  7932 | D:6      | Reached skill level 1 in Armour
  8007 | D:6      | Killed a yak
  8008 | D:6      | Reached skill level 5 in Conjurations
  8008 | D:6      | Reached XP level 9. HP: 41/54 MP: 5/16
  8016 | D:6      | Reached skill level 5 in Spellcasting
  8274 | D:6      | Reached skill level 5 in Earth Magic
  8529 | D:6      | Found an ornate altar of the Wu Jian Council.
  8554 | D:6      | Found a staircase to the Ecumenical Temple.
  8573 | Temple   | Entered the Ecumenical Temple
  8713 | Temple   | Became a worshipper of Cheibriados the Contemplative
  9308 | D:6      | Found a runed translucent door.
  9309 | D:6      | Noticed Crazy Yiuf
  9316 | D:6      | Killed Crazy Yiuf
  9317 | D:6      | Reached skill level 1 in Invocations
  9806 | D:7      | HP: 1/54 [killer bee (7)]
  9811 | D:7      | Reached * piety under Cheibriados
  9890 | D:7      | Reached skill level 5 in Transmutations
  9906 | D:7      | Found a flagged portal.
  9910 | Bailey   | Entered a bailey
 10281 | Bailey   | Reached XP level 10. HP: 59/59 MP: 15/17
 10310 | Bailey   | Reached ** piety under Cheibriados
 11048 | Bailey   | Noticed a gargoyle
 11053 | Bailey   | Killed a gargoyle
 11265 | Bailey   | Identified the +4 ring mail "Fibrioc" {rF+ Regen+ Dex+7}
 11431 | Bailey   | Identified the +4 plate armour "Zivydgho" {rPois rCorr
                  | Stlth-}
 11556 | D:7      | Reached *** piety under Cheibriados
 11926 | D:7      | Noticed Pikel
 11940 | D:7      | Killed Pikel
 12198 | D:7      | Noticed a two-headed ogre
 12205 | D:7      | Killed a two-headed ogre
 12206 | D:7      | Reached skill level 5 in Maces & Flails
 12206 | D:7      | Reached skill level 5 in Invocations
 12820 | D:8      | Reached skill level 5 in Armour
 12889 | D:8      | Reached XP level 11. HP: 66/66 MP: 14/18
 12928 | D:8      | Noticed Maggie
 12933 | D:8      | Paralysed by Maggie for 2 turns
 12935 | D:8      | Killed Maggie
 13331 | D:8      | Reached **** piety under Cheibriados
 13833 | D:8      | Noticed a fire crab
 13843 | D:8      | Noticed a cyclops
 13843 | D:8      | a fire crab changed into a cyclops
 13845 | D:8      | Killed a cyclops
 15536 | D:10     | Entered Level 10 of the Dungeon
 15547 | D:10     | Noticed a two-headed ogre
 15552 | D:10     | Killed a two-headed ogre
 15693 | D:10     | Reached ***** piety under Cheibriados
 16044 | D:10     | Noticed Josephine
 16052 | D:10     | Killed Josephine
 16053 | D:10     | Reached XP level 12. HP: 59/73 MP: 6/19
 16471 | D:11     | Learned a level 5 spell: Borgnjor's Vile Clutch
 16481 | D:11     | Found Inoshrar's Weapon Emporium.
 16665 | D:11     | Noticed a two-headed ogre
 16679 | D:11     | Noticed a six-headed hydra
 16682 | D:11     | Noticed a boulder beetle
 16684 | D:11     | Noticed a two-headed ogre
 16687 | D:11     | Noticed a two-headed ogre
 16687 | D:11     | Noticed a boulder beetle
 16702 | D:11     | Noticed a four-headed hydra
 16706 | D:11     | Reached skill level 1 in Shields
 16708 | D:11     | Killed a two-headed ogre
 16708 | D:11     | Killed a boulder beetle
 16708 | D:11     | Slain by a four-headed hydra

Illustrated notes

Levels and vault maps discovered:
D:1:      dpeg_arrival_rooms_with_view, layout_loops_ring,
          kennysheep_nondescript
D:2:      layout_rooms, dreamdust_ecumenical_altar_angels_and_demons,
          hangedman_decor_riveting, dreamdust_princess_bridge, uniq_robin
D:3:      layout_basic
D:4:      layout_loops_ring, minmay_snake_closets
D:5:      layout_basic
D:6:      layout_basic, nzn_wu_jian_council_hall,
          minmay_temple_entry_mini_moons, uniq_crazy_yiuf_cottage
D:7:      layout_basic, enter_bailey_2, hex_large, grunt_ministairs_5,
          minmay_liquid_box, grunt_tough_drop, uniq_pikel
D:8:      layout_loops_corners, minmay_microvault, uniq_maggie
D:9:      layout_rooms
D:10:     layout_basic, uniq_josephine
D:11:     minmay_imperfect_grid, layout_rooms, serial_shops, shop_coins
Temple:   compressed_dpeg_circular_temple

Skill      XL: |  1  2  3  4  5  6  7  8  9 10 11 12 |
---------------+-------------------------------------+-----
Fighting       | 1 2 3 4 5 6 8 |  8.4
Earth Magic    | 4 6 8 |  8.3
Transmutations | 1 2 3 5 |  5.3
Conjurations   | 1 2 3 5 6 8 |  8.2
Maces & Flails | 1 2 3 4 5 7 |  7.0
Spellcasting   | 3 4 5 |  5.2
Armour         | 1 2 5 6 |  6.0
Invocations    | 3 6 8 |  8.6
Dodging        | 3 |  3.0
Shields        | 1 |  1.2
Stealth        | |  2.1
Necromancy     | |  0.8

Action                   |  1- 3 |  4- 6 |  7- 9 | 10-12 || total
-------------------------+-------+-------+-------+-------++-------
Melee: Unarmed           |    36 |       |       |       ||    36
       Club              |     3 |       |       |       ||     3
       Whip              |       |   131 |   154 |       ||   285
       Flail             |       |       |    40 |   393 ||   433
       Punch             |       |       |     1 |     6 ||     7
 Cast: Sandblast         |    62 |    45 |    19 |    18 ||   144
       Passwall          |     1 |       |     2 |     1 ||     4
       Stone Arrow       |       |     4 |    77 |   125 ||   206
Invok: Bend Time         |       |       |       |     1 ||     1
       Slouch            |       |       |       |     3 ||     3
Evoke: Wand              |       |     2 |    18 |    11 ||    31
  Use: Scroll            |     1 |     1 |    15 |    10 ||    27
       Potion            |       |       |     8 |     3 ||    11
 Stab: Sleeping          |       |     2 |     3 |       ||     5
Armor: Robe              |    24 |    56 |   122 |    77 ||   279
       Ring mail         |       |       |       |   200 ||   200
Dodge: Dodged            |    57 |    81 |   204 |   355 ||   697
       Repelled          |       |       |     3 |     3 ||     6
Block: Buckler           |       |       |       |    26 ||    26

Table legend: (Time is in decaauts)
 A = Elapsed time spent in this place.
 B = Non-inter-level travel time spent in this place.
 C = Inter-level travel time spent in this place.
 D = Time resting spent in this place.
 E = Time spent auto-exploring this place.
 F = Levels seen in this place.
 G = Mean time per level.
                   A        B        C        D        E       F      G
               +--------+--------+--------+--------+--------+-----+--------+
         Total |  18993 |  18165 |    828 |   6008 |   9561 |  13 | 1461.0 |
       Dungeon |  17078 |  16293 |    785 |   5050 |   9039 |  11 | 1552.5 |
        Temple |    160 |    118 |     42 |      0 |    102 |   1 |  160.0 |
        Bailey |   1754 |   1754 |      0 |    958 |    420 |   1 | 1754.0 |
               +--------+--------+--------+--------+--------+-----+--------+

Top non-repeatable levels by time:
     D:8: 2481 daAuts
     D:1: 2164 daAuts
     D:5: 2132 daAuts
     D:7: 1895 daAuts
  Bailey: 1754 daAuts
     D:6: 1652 daAuts
     D:9: 1550 daAuts
     D:4: 1540 daAuts
    D:10: 1398 daAuts
     D:2: 1253 daAuts
     D:3: 848 daAuts
  Temple: 160 daAuts
    D:11: 160 daAuts
